[Event "45th FIDE Womens Olympiad 2024"]
[Site "Budapest"]
[Date "2024.09.13"]
[Round "3.184"]
[White "Tjong Tjin Joe, Maylee"]
[Black "Shabanaj, Eglantina"]
[Result "0-1"]
[ECO "C07"]
[WhiteElo "1665"]
[BlackElo "1957"]
[Annotator "NA RC"]
[PlyCount "72"]
[EventDate "2024.09.05"]
[EventType "team-tourn"]
[EventCountry "HUN"]
[SourceTitle "playchess.com"]
[Source "ChessBase"]
[SourceQuality "1"]
[WhiteTeam "Suriname"]
[BlackTeam "Albania"]
[WhiteTeamCountry "SUR"]
[BlackTeamCountry "ALB"]
[TimeControl "40/5400+30:1800+30"]

1. e4 e6 2. d4 d5 3. Nd2 c5 4. Ngf3 Nc6 5. Bb5 Bd7 6. Bxc6 Bxc6 7. e5 Qb6 8. c3 Qa6 9. dxc5 Bxc5 10. b4 Be7 11. a4 Qd3 12. Bb2 Nh6 13. Nb3 Qxd1+ 14. Kxd1 a6 15. Nbd4 O-O 16. Bc1 Ng4 17. Rf1 Bd7 18. h3 Nh6 19. g4 Rac8 20. g5 Nf5 21. Bd2 Rc4 22. Nxf5 exf5 23. h4 f4 24. Rg1 d4 25. cxd4 Bxb4 26. Bxf4 Bc3 27. Rc1 Bxa4+ 28. Ke2 Bb5 29. Ke3 Rfc8 30. Rcd1 Bb2 31. h5 Rc3+ 32. Ke4 Be2 33. Nd2 Bxh5 34. Be3 Bxd1 35. Rxd1 a5 36. d5 a4 0-1

[Event "45th FIDE Womens Olympiad 2024"]
[Site "Budapest"]
[Date "2024.09.13"]
[Round "3.185"]
[White "Laamim, Roaa"]
[Black "Rovira Contreras, Tairu Manuela"]
[Result "0-1"]
[ECO "C47"]
[WhiteElo "1879"]
[BlackElo "2022"]
[Annotator "NA RC"]
[PlyCount "102"]
[EventDate "2024.09.05"]
[EventType "team-tourn"]
[EventCountry "HUN"]
[SourceTitle "playchess.com"]
[Source "ChessBase"]
[SourceQuality "1"]
[WhiteTeam "Morocco"]
[BlackTeam "Venezuela"]
[WhiteTeamCountry "MAR"]
[BlackTeamCountry "VEN"]
[TimeControl "40/5400+30:1800+30"]

1. e4 e5 2. Nf3 Nc6 3. d4 exd4 4. Nxd4 Nf6 5. Nc3 Bb4 6. Nxc6 bxc6 7. Bd3 d5 8. exd5 cxd5 9. O-O O-O 10. h3 Be6 11. Qf3 c6 12. Bf4 Bd6 13. Ne2 c5 14. Rad1 Rb8 15. b3 Rb6 16. c4 d4 17. Rfe1 Bc8 18. Ng3 Bb7 19. Ne4 Bxe4 20. Bxe4 Qc7 21. Bg5 Nd7 22. Qf5 g6 23. Qg4 Kg7 24. Qh4 h5 25. Bd2 Rbb8 26. Qg5 Rh8 27. f4 Qd8 28. Qg3 Nf6 29. Qf3 Qc7 30. f5 Nd7 31. fxg6 fxg6 32. Bd5 Rhf8 33. Qd3 Ne5 34. Qe4 Rbe8 35. Qh4 Nd3 36. Rxe8 Bh2+ 37. Kh1 Nf2+ 38. Qxf2 Rxf2 39. Bg5 Bd6 40. Rg8+ Kh7 41. Re1 Rf5 42. Bd8 Qd7 43. g4 Rf8 44. Rxf8 Bxf8 45. Bg5 d3 46. Rf1 Bg7 47. Rf3 hxg4 48. Rxd3 Qf5 49. Rg3 Qxg5 50. Rxg4 Qc1+ 51. Kg2 Bd4 0-1

[Event "45th FIDE Womens Olympiad 2024"]
[Site "Budapest"]
[Date "2024.09.13"]
[Round "3.186"]
[White "Otazo Sanchez, Annyd Gabriela"]
[Black "Chemaou lilya"]
[Result "1-0"]
[ECO "B22"]
[WhiteElo "1976"]
[BlackElo "1565"]
[Annotator "NA RC"]
[PlyCount "87"]
[EventDate "2024.09.05"]
[EventType "team-tourn"]
[EventCountry "HUN"]
[SourceTitle "playchess.com"]
[Source "ChessBase"]
[SourceQuality "1"]
[WhiteTeam "Venezuela"]
[BlackTeam "Morocco"]
[WhiteTeamCountry "VEN"]
[BlackTeamCountry "MAR"]
[TimeControl "40/5400+30:1800+30"]

1. e4 c5 2. Bc4 d6 3. c3 Nf6 4. d3 Nc6 5. Bb3 g6 6. f4 Bg7 7. Nf3 O-O 8. Nbd2 Rb8 9. Nf1 Na5 10. Bc2 b5 11. a3 Be6 12. Ng3 Qd7 13. O-O Bg4 14. h3 Bxf3 15. Qxf3 Qc6 16. Bd2 e6 17. Rae1 b4 18. axb4 cxb4 19. Ra1 b3 20. Bd1 Qc7 21. Kh1 Nd7 22. Be2 f5 23. exf5 gxf5 24. Nh5 Nf6 25. Nxg7 Kxg7 26. c4 Nc6 27. Bc3 h6 28. Qg3+ Kh7 29. Qh4 Qf7 30. Bf3 d5 31. Bxf6 Qxf6 32. Qxf6 Rxf6 33. cxd5 Nb4 34. Rxa7+ Kg8 35. dxe6 Rxe6 36. d4 Rd6 37. Rd1 Rbd8 38. Ra8 Rxa8 39. Bxa8 Nc2 40. d5 Nb4 41. Rd4 Nc2 42. Rd3 Nb4 43. Rxb3 Nxd5 44. Rd3 1-0

[Event "45th FIDE Womens Olympiad 2024"]
[Site "Budapest"]
[Date "2024.09.13"]
[Round "3.187"]
[White "El Harrak, Maryam"]
[Black "Perez Hernandez, Vicmary C."]
[Result "0-1"]
[ECO "E63"]
[WhiteElo "1639"]
[BlackElo "1960"]
[Annotator "NA RC"]
[PlyCount "42"]
[EventDate "2024.09.05"]
[EventType "team-tourn"]
[EventCountry "HUN"]
[SourceTitle "playchess.com"]
[Source "ChessBase"]
[SourceQuality "1"]
[WhiteTeam "Morocco"]
[BlackTeam "Venezuela"]
[WhiteTeamCountry "MAR"]
[BlackTeamCountry "VEN"]
[TimeControl "40/5400+30:1800+30"]

1. d4 Nf6 2. c4 g6 3. Nf3 Bg7 4. g3 O-O 5. Bg2 d6 6. O-O Nc6 7. Nc3 a6 8. e4 Bg4 9. Be3 Re8 10. Qd2 Bxf3 11. Bxf3 e5 12. Ne2 exd4 13. Nxd4 Nxe4 14. Bxe4 Rxe4 15. Nxc6 bxc6 16. Rac1 Qf6 17. Rc2 h5 18. b4 Qf5 19. a4 h4 20. f3 Rxe3 21. Qxe3 Qxc2 0-1

[Event "45th FIDE Womens Olympiad 2024"]
[Site "Budapest"]
[Date "2024.09.13"]
[Round "3.188"]
[White "Pena Gonzalez, Clara Isabel"]
[Black "El Barbry, Sarah"]
[Result "1-0"]
[ECO "C04"]
[WhiteElo "1895"]
[BlackElo "1862"]
[Annotator "NA RC"]
[PlyCount "131"]
[EventDate "2024.09.05"]
[EventType "team-tourn"]
[EventCountry "HUN"]
[SourceTitle "playchess.com"]
[Source "ChessBase"]
[SourceQuality "1"]
[WhiteTeam "Venezuela"]
[BlackTeam "Morocco"]
[WhiteTeamCountry "VEN"]
[BlackTeamCountry "FRA"]
[TimeControl "40/5400+30:1800+30"]

1. e4 e6 2. d4 d5 3. Nd2 Nc6 4. Ngf3 Nf6 5. e5 Nd7 6. Bb5 Be7 7. Qe2 Nb4 8. Ba4 c5 9. c3 Nc6 10. O-O O-O 11. dxc5 Nxc5 12. Bc2 Qc7 13. Re1 a5 14. Nb3 b6 15. Nxc5 bxc5 16. Ng5 g6 17. Nxh7 Qxe5 18. Qxe5 Nxe5 19. Nxf8 Bf6 20. f4 Nc4 21. Nxg6 fxg6 22. Bd3 Kf7 23. Bxc4 dxc4 24. Be3 Rb8 25. Re2 Be7 26. Rd1 a4 27. a3 Rb7 28. Red2 Rb6 29. h3 Rb7 30. g4 Rb6 31. Kg2 Bb7+ 32. Kg3 Be4 33. h4 Bd3 34. Rh1 Kg7 35. h5 Kh6 36. hxg6+ Kxg6 37. f5+ Kg7 38. Rh6 Bf6 39. Kf2 exf5 40. g5 Bd8 41. Rxb6 Bxb6 42. Kg3 Bc7+ 43. Bf4 Bd8 44. Rh2 Be7 45. Rh6 Be4 46. Ra6 Bc2 47. Ra7 Kf8 48. g6 Be4 49. Bh6+ Ke8 50. g7 f4+ 51. Kxf4 Bh7 52. Ra8+ Kf7 53. Rf8+ Kg6 54. g8=Q+ Bxg8 55. Rxg8+ Kxh6 56. Ra8 Kg6 57. Rxa4 Bg5+ 58. Ke4 Bc1 59. Rxc4 Kf6 60. Rxc5 Bxb2 61. a4 Ba3 62. Rb5 Ke6 63. a5 Kd6 64. a6 Kc6 65. c4 Bc5 66. Rxc5+ 1-0

[Event "45th FIDE Womens Olympiad 2024"]
[Site "Budapest"]
[Date "2024.09.13"]
[Round "3.189"]
[White "Gomez Barrera, Javiera Belen"]
[Black "Chen, Chi"]
[Result "1-0"]
[ECO "B48"]
[WhiteElo "2123"]
[BlackElo "1746"]
[Annotator "NA RC"]
[PlyCount "41"]
[EventDate "2024.09.05"]
[EventType "team-tourn"]
[EventCountry "HUN"]
[SourceTitle "playchess.com"]
[Source "ChessBase"]
[SourceQuality "1"]
[WhiteTeam "Chile"]
[BlackTeam "Chinese Taipei"]
[WhiteTeamCountry "CHI"]
[BlackTeamCountry "TPE"]
[TimeControl "40/5400+30:1800+30"]

1. e4 c5 2. Nf3 e6 3. d4 cxd4 4. Nxd4 Nc6 5. Nc3 Qc7 6. Be3 a6 7. g4 b5 8. Nxc6 Qxc6 9. Qd2 b4 10. Ne2 Nf6 11. f3 d5 12. g5 Nd7 13. exd5 exd5 14. O-O-O Bb7 15. Nf4 Rc8 16. Bh3 Be7 17. Nxd5 Rd8 18. Nxe7 Kxe7 19. Qxb4+ Ke8 20. Rhe1 Ne5 21. Rxd8+ 1-0

[Event "45th FIDE Womens Olympiad 2024"]
[Site "Budapest"]
[Date "2024.09.13"]
[Round "3.190"]
[White "Shih, Ching-An"]
[Black "Abarca Gonzalez, Damaris"]
[Result "0-1"]
[ECO "D12"]
[WhiteElo "1734"]
[BlackElo "1991"]
[Annotator "NA RC"]
[PlyCount "66"]
[EventDate "2024.09.05"]
[EventType "team-tourn"]
[EventCountry "HUN"]
[SourceTitle "playchess.com"]
[Source "ChessBase"]
[SourceQuality "1"]
[WhiteTeam "Chinese Taipei"]
[BlackTeam "Chile"]
[WhiteTeamCountry "TPE"]
[BlackTeamCountry "CHI"]
[TimeControl "40/5400+30:1800+30"]

1. d4 d5 2. Nf3 c6 3. e3 Nf6 4. c4 Bf5 5. Nc3 e6 6. Be2 Bd6 7. cxd5 exd5 8. O-O O-O 9. b3 h6 10. Bb2 Nbd7 11. Qc1 Re8 12. Ba3 Bc7 13. Na4 Ne4 14. Nc5 Ndxc5 15. dxc5 Ng5 16. Bb2 Nxf3+ 17. Bxf3 Qh4 18. g3 Qg5 19. Bg2 h5 20. f4 Qg6 21. Bd4 h4 22. Kf2 h3 23. Bf3 b6 24. g4 Be4 25. Qd1 Bxf3 26. Qxf3 bxc5 27. f5 Qd6 28. Bxc5 Qxc5 29. Qxh3 Qc2+ 30. Kg1 Rxe3 31. Qh4 Re2 32. Rf2 Rxf2 33. Qxf2 Bb6 0-1

[Event "45th FIDE Womens Olympiad 2024"]
[Site "Budapest"]
[Date "2024.09.13"]
[Round "3.191"]
[White "Morales Flores, Monserrat"]
[Black "Chen, I-Chen"]
[Result "1-0"]
[ECO "B15"]
[WhiteElo "1938"]
[BlackElo "1771"]
[Annotator "NA RC"]
[PlyCount "63"]
[EventDate "2024.09.05"]
[EventType "team-tourn"]
[EventCountry "HUN"]
[SourceTitle "playchess.com"]
[Source "ChessBase"]
[SourceQuality "1"]
[WhiteTeam "Chile"]
[BlackTeam "Chinese Taipei"]
[WhiteTeamCountry "CHI"]
[BlackTeamCountry "TPE"]
[TimeControl "40/5400+30:1800+30"]

1. e4 c6 2. d4 d5 3. Nc3 dxe4 4. Nxe4 Nf6 5. Nxf6+ exf6 6. c3 Bd6 7. Bd3 O-O 8. Ne2 h5 9. Be3 Be6 10. Ng3 Bg4 11. Qd2 h4 12. Nf5 Bxf5 13. Bxf5 Re8 14. O-O Qc7 15. h3 Nd7 16. c4 Rad8 17. Rfe1 Nf8 18. Rad1 Ne6 19. a3 b6 20. b4 Nf4 21. c5 bxc5 22. bxc5 Be5 23. Qc1 Nd5 24. dxe5 Qxe5 25. Bg4 Nxe3 26. Rxe3 Qc7 27. Rde1 Rxe3 28. Qxe3 Qa5 29. Bf5 g6 30. Bg4 Rd5 31. Qe8+ Kg7 32. Re7 1-0

[Event "45th FIDE Womens Olympiad 2024"]
[Site "Budapest"]
[Date "2024.09.13"]
[Round "3.192"]
[White "Tsai, Sophie Yi-Hsuan"]
[Black "Romero Troncoso, Liset Anais"]
[Result "0-1"]
[ECO "C54"]
[WhiteElo "1668"]
[BlackElo "1834"]
[Annotator "NA"]
[PlyCount "104"]
[EventDate "2024.09.05"]
[EventType "team-tourn"]
[EventCountry "HUN"]
[SourceTitle "playchess.com"]
[Source "ChessBase"]
[SourceQuality "1"]
[WhiteTeam "Chinese Taipei"]
[BlackTeam "Chile"]
[WhiteTeamCountry "TPE"]
[BlackTeamCountry "CHI"]
[TimeControl "40/5400+30:1800+30"]

1. e4 e5 2. Nf3 Nc6 3. Bc4 Bc5 4. c3 Nf6 5. d3 d6 6. b4 Bb6 7. Qb3 O-O 8. Bg5 h6 9. Bh4 a5 10. b5 a4 11. Qc2 Na5 12. Qxa4 Nxc4 13. Qxc4 Be6 14. Qb4 Bxa2 15. O-O g5 16. Bg3 Be6 17. Nbd2 Rxa1 18. Rxa1 g4 19. Nh4 Nh5 20. Kh1 Qg5 21. Qb2 Nf4 22. Qc2 h5 23. Nc4 Bxc4 24. dxc4 Ng6 25. Nxg6 fxg6 26. Qc1 Qxc1+ 27. Rxc1 Bxf2 28. Ra1 Be3 29. h3 gxh3 30. gxh3 Kh7 31. Kg2 g5 32. Ra2 Kg6 33. Re2 Bc5 34. Ra2 Bb6 35. Bh2 h4 36. Rc2 Ra8 37. Rb2 Ra3 38. Rc2 Ra4 39. c5 Bxc5 40. c4 Ra3 41. Rc1 Ra2+ 42. Kh1 Kh5 43. Rf1 Bf2 44. Rc1 g4 45. hxg4+ Kxg4 46. c5 Bd4 47. b6 cxb6 48. cxd6 Kh3 49. Bxe5 Bxe5 50. Rd1 Bxd6 51. Rd3+ Bg3 52. Rd1 Re2 0-1

[Event "45th FIDE Womens Olympiad 2024"]
[Site "Budapest"]
[Date "2024.09.13"]
[Round "3.193"]
[White "Feng, Eunice"]
[Black "Lindiawati, Evi"]
[Result "1-0"]
[ECO "B01"]
[WhiteElo "1974"]
[BlackElo "1940"]
[Annotator "NA RC"]
[PlyCount "79"]
[EventDate "2024.09.05"]
[EventType "team-tourn"]
[EventCountry "HUN"]
[SourceTitle "playchess.com"]
[Source "ChessBase"]
[SourceQuality "1"]
[WhiteTeam "Hong Kong, China"]
[BlackTeam "Indonesia"]
[WhiteTeamCountry "HKG"]
[BlackTeamCountry "INA"]
[TimeControl "40/5400+30:1800+30"]

1. e4 d5 2. exd5 Qxd5 3. Nc3 Qd6 4. d4 Nf6 5. Nf3 a6 6. Be2 Nc6 7. h3 Bf5 8. Be3 e6 9. Qd2 Nb4 10. Rc1 Nbd5 11. Nxd5 Nxd5 12. Bg5 Be7 13. Bxe7 Qxe7 14. c4 Nf6 15. O-O O-O 16. Qe3 Rfe8 17. Ne5 Nd7 18. f4 f6 19. Nxd7 Qxd7 20. Bf3 c6 21. h4 Rad8 22. Rcd1 Qe7 23. Rfe1 Qb4 24. b3 Bg6 25. h5 Bf7 26. h6 g6 27. g4 Qa5 28. g5 e5 29. fxe5 fxe5 30. dxe5 Rxd1 31. Bxd1 Be6 32. a4 Bf5 33. Bf3 Kf7 34. Be4 Ke6 35. Bxf5+ gxf5 36. Rd1 Rd8 37. Rd6+ Rxd6 38. exd6+ Kxd6 39. g6 hxg6 40. h7 1-0

[Event "45th FIDE Womens Olympiad 2024"]
[Site "Budapest"]
[Date "2024.09.13"]
[Round "3.194"]
[White "Nugroho, Angel Ruth"]
[Black "Lou, Yuxin"]
[Result "1-0"]
[ECO "D02"]
[WhiteElo "1939"]
[BlackElo "1654"]
[Annotator "NA RC"]
[PlyCount "115"]
[EventDate "2024.09.05"]
[EventType "team-tourn"]
[EventCountry "HUN"]
[SourceTitle "playchess.com"]
[Source "ChessBase"]
[SourceQuality "1"]
[WhiteTeam "Indonesia"]
[BlackTeam "Hong Kong, China"]
[WhiteTeamCountry "INA"]
[BlackTeamCountry "HKG"]
[TimeControl "40/5400+30:1800+30"]

1. d4 d5 2. Nf3 Bf5 3. c3 c5 4. dxc5 e6 5. b4 Nf6 6. e3 a6 7. Bb2 Be7 8. Be2 O-O 9. O-O a5 10. a3 Nbd7 11. Nbd2 Ne4 12. c4 Ndf6 13. Nxe4 Bxe4 14. Bc3 axb4 15. axb4 Rxa1 16. Qxa1 dxc4 17. Bxc4 Bxf3 18. gxf3 Qc7 19. Be2 b6 20. cxb6 Qxb6 21. Qa5 Qc6 22. b5 Qd5 23. Rd1 Qg5+ 24. Kh1 Qh4 25. Be1 Nd5 26. Rd4 Qh5 27. Qd2 Bd6 28. f4 Qh3 29. Kg1 f5 30. Rxd5 Rf6 31. f3 exd5 32. Qxd5+ Kf8 33. Bc4 Rg6+ 34. Bg3 Rxg3+ 35. hxg3 Qxg3+ 36. Kf1 Qh3+ 37. Ke2 Qg2+ 38. Kd1 Qg1+ 39. Kd2 Qf2+ 40. Be2 Bb4+ 41. Kd3 Qe1 42. Qxf5+ Ke7 43. Qe5+ Kf8 44. b6 Qd2+ 45. Kc4 Qxe2+ 46. Kxb4 Qd2+ 47. Kc5 Qc2+ 48. Kd6 Qd3+ 49. Kc6 Qa6 50. Qc5+ Ke8 51. Kc7 Qd3 52. Qe5+ Kf7 53. b7 Qc4+ 54. Kb6 Qb4+ 55. Qb5 Qd6+ 56. Qc6 Qb4+ 57. Kc7 Qa5+ 58. Kc8 1-0

[Event "45th FIDE Womens Olympiad 2024"]
[Site "Budapest"]
[Date "2024.09.13"]
[Round "3.195"]
[White "Leung, Hoi Ting"]
[Black "Yuliana, Evi"]
[Result "0-1"]
[ECO "A45"]
[WhiteElo "1619"]
[BlackElo "1912"]
[Annotator "NA RC"]
[PlyCount "120"]
[EventDate "2024.09.05"]
[EventType "team-tourn"]
[EventCountry "HUN"]
[SourceTitle "playchess.com"]
[Source "ChessBase"]
[SourceQuality "1"]
[WhiteTeam "Hong Kong, China"]
[BlackTeam "Indonesia"]
[WhiteTeamCountry "HKG"]
[BlackTeamCountry "INA"]
[TimeControl "40/5400+30:1800+30"]

1. d4 Nf6 2. Bf4 c5 3. c3 cxd4 4. cxd4 Qb6 5. Qc2 Nc6 6. e3 d6 7. Nc3 g6 8. Nf3 Bg7 9. Bc4 Bg4 10. Be2 O-O 11. O-O Rac8 12. Qb3 Qxb3 13. axb3 a6 14. Rfd1 Bf5 15. Rac1 Nb4 16. Nd2 Bc2 17. Rf1 Bd3 18. Bg3 Bxe2 19. Nxe2 Nd3 20. Rc3 Nxb2 21. Rfc1 Rxc3 22. Rxc3 Nd5 23. Rc2 Nd3 24. Nf3 N3b4 25. Rc1 Nc6 26. Nf4 Nxf4 27. Bxf4 e5 28. Bg3 f5 29. d5 Nb4 30. Rc7 Nxd5 31. Rxb7 Rc8 32. h3 Bf6 33. Bh4 Bxh4 34. Nxh4 Rc7 35. Rb8+ Kf7 36. Nf3 h6 37. Nd2 Ne7 38. Nc4 Ke6 39. Ra8 Rc6 40. Rb8 h5 41. Na5 Rc1+ 42. Kh2 Nc6 43. Nxc6 Rxc6 44. h4 d5 45. Re8+ Kd6 46. b4 d4 47. exd4 exd4 48. Rd8+ Ke5 49. Kg3 Ke4 50. Re8+ Kd3 51. Rd8 Kc3 52. Kf4 d3 53. f3 Kd2 54. Rd5 Re6 55. b5 axb5 56. Rxb5 Ke2 57. Rd5 d2 58. g4 fxg4 59. fxg4 hxg4 60. Kxg4 d1=Q 0-1

[Event "45th FIDE Womens Olympiad 2024"]
[Site "Budapest"]
[Date "2024.09.13"]
[Round "3.196"]
[White "Adeline, Clementia"]
[Black "Liu, Tian Yi"]
[Result "1/2-1/2"]
[ECO "E21"]
[WhiteElo "1550"]
[BlackElo "1607"]
[Annotator "NA"]
[PlyCount "129"]
[EventDate "2024.09.05"]
[EventType "team-tourn"]
[EventCountry "HUN"]
[SourceTitle "playchess.com"]
[Source "ChessBase"]
[SourceQuality "1"]
[WhiteTeam "Indonesia"]
[BlackTeam "Hong Kong, China"]
[WhiteTeamCountry "INA"]
[BlackTeamCountry "HKG"]
[TimeControl "40/5400+30:1800+30"]

1. d4 Nf6 2. c4 e6 3. Nc3 Bb4 4. Nf3 O-O 5. Bg5 c5 6. Rc1 h6 7. Bh4 d6 8. dxc5 Bxc5 9. a3 a5 10. e3 Nbd7 11. Be2 Qe7 12. O-O Rd8 13. Qc2 Nf8 14. Rfd1 Ng6 15. Bg3 Bd7 16. Nd4 Be8 17. Bf3 Ne5 18. Bxe5 dxe5 19. Nb3 Bb6 20. Rxd8 Rxd8 21. Rd1 Rxd1+ 22. Qxd1 Qc7 23. Qd3 Bc6 24. Nd2 Bc5 25. Bxc6 bxc6 26. Nb3 Be7 27. Nc1 Nd7 28. Qd1 Qb7 29. Qb3 Qa6 30. Na4 f6 31. Ne2 Kf7 32. h3 Nc5 33. Nxc5 Bxc5 34. Ng3 f5 35. Qc3 Bd6 36. c5 Bc7 37. b3 Qc8 38. Nf1 Qd7 39. b4 axb4 40. Qxb4 Ke7 41. Qh4+ Kf8 42. Qc4 Qd5 43. Qxd5 exd5 44. Nd2 Ke7 45. Kf1 Kd7 46. Ke2 Kc8 47. Nb3 Kb7 48. f3 Ka6 49. a4 Ba5 50. e4 f4 51. Kd3 Bb4 52. Ke2 g5 53. Kd3 h5 54. Ke2 Bc3 55. Kf1 dxe4 56. fxe4 g4 57. hxg4 hxg4 58. Kf2 Bb4 59. Ke2 Bc3 60. Kf2 Ba5 61. Ke2 Bc3 62. Kf2 Ba5 63. Ke2 Bc3 64. Kf2 Ba5 65. Ke2 1/2-1/2

[Event "45th FIDE Womens Olympiad 2024"]
[Site "Budapest"]
[Date "2024.09.13"]
[Round "3.197"]
[White "Tan, Li Ting"]
[Black "Nahed Galab"]
[Result "1-0"]
[ECO "E71"]
[WhiteElo "2037"]
[BlackElo "1693"]
[Annotator "NA RC"]
[PlyCount "87"]
[EventDate "2024.09.05"]
[EventType "team-tourn"]
[EventCountry "HUN"]
[SourceTitle "playchess.com"]
[Source "ChessBase"]
[SourceQuality "1"]
[WhiteTeam "Malaysia"]
[BlackTeam "Sudan"]
[WhiteTeamCountry "MAS"]
[BlackTeamCountry "SUD"]
[TimeControl "40/5400+30:1800+30"]

1. d4 Nf6 2. c4 g6 3. Nc3 Bg7 4. e4 d6 5. h3 O-O 6. Bg5 e5 7. dxe5 dxe5 8. Qxd8 Rxd8 9. Nd5 Nbd7 10. Nxc7 Rb8 11. Rd1 h6 12. Be3 b6 13. f3 Bb7 14. g4 Nc5 15. Rh2 Rxd1+ 16. Kxd1 Rd8+ 17. Rd2 Rxd2+ 18. Kxd2 Kf8 19. b4 Na6 20. Nxa6 Bxa6 21. b5 Bb7 22. c5 Ke7 23. cxb6 axb6 24. Bxb6 Nd7 25. Be3 Kd6 26. Bc4 f6 27. a4 g5 28. a5 Kc7 29. b6+ Kb8 30. Bb5 Nf8 31. a6 Bxa6 32. Bxa6 Ne6 33. Bc4 Nd4 34. Ne2 Nxf3+ 35. Kc3 Bf8 36. Bd5 Nh4 37. Ng3 Ng2 38. Nf5 Nxe3 39. Nxe3 Bc5 40. Nc4 Kc8 41. Kb3 Be7 42. Ka4 Kb8 43. Kb5 Bf8 44. Ka6 1-0

[Event "45th FIDE Womens Olympiad 2024"]
[Site "Budapest"]
[Date "2024.09.13"]
[Round "3.198"]
[White "Ibtihal Osman"]
[Black "Azhar, Puteri Munajjah Az-Z"]
[Result "0-1"]
[ECO "C50"]
[WhiteElo "1626"]
[BlackElo "2014"]
[Annotator "NA RC"]
[PlyCount "58"]
[EventDate "2024.09.05"]
[EventType "team-tourn"]
[EventCountry "HUN"]
[SourceTitle "playchess.com"]
[Source "ChessBase"]
[SourceQuality "1"]
[WhiteTeam "Sudan"]
[BlackTeam "Malaysia"]
[WhiteTeamCountry "SUD"]
[BlackTeamCountry "MAS"]
[TimeControl "40/5400+30:1800+30"]

1. e4 e5 2. Nf3 Nc6 3. Bc4 Bc5 4. O-O Nf6 5. Nc3 d6 6. h3 Be6 7. Be2 h6 8. d3 Qd7 9. a3 g5 10. Nh2 Nd4 11. Bg4 O-O-O 12. Bxe6 fxe6 13. Ne2 Qf7 14. c3 Nxe2+ 15. Qxe2 Nh5 16. Be3 Nf4 17. Qd1 Bb6 18. g3 Nxh3+ 19. Kg2 g4 20. Qxg4 Nf4+ 21. Bxf4 Rdg8 22. Qe2 exf4 23. d4 Rh7 24. g4 h5 25. f3 e5 26. Rad1 Qf6 27. Qf2 Qg6 28. Qh4 hxg4 29. Qxg4+ Qe6 0-1

[Event "45th FIDE Womens Olympiad 2024"]
[Site "Budapest"]
[Date "2024.09.13"]
[Round "3.199"]
[White "Azhar, Puteri Rifqah Fahada"]
[Black "Sabreen Oraby"]
[Result "1/2-1/2"]
[ECO "A48"]
[WhiteElo "1947"]
[BlackElo "1812"]
[Annotator "NA RC"]
[PlyCount "64"]
[EventDate "2024.09.05"]
[EventType "team-tourn"]
[EventCountry "HUN"]
[SourceTitle "playchess.com"]
[Source "ChessBase"]
[SourceQuality "1"]
[WhiteTeam "Malaysia"]
[BlackTeam "Sudan"]
[WhiteTeamCountry "MAS"]
[BlackTeamCountry "SUD"]
[TimeControl "40/5400+30:1800+30"]

1. d4 g6 2. Nf3 Bg7 3. Bf4 Nf6 4. e3 d6 5. c3 O-O 6. Nbd2 Nc6 7. Bg3 Qe8 8. Qc2 Rb8 9. a4 Nh5 10. Bc4 Nxg3 11. hxg3 e5 12. dxe5 Nxe5 13. Nxe5 Qxe5 14. Nf3 Qe7 15. Nh4 Be6 16. Qb3 Rfe8 17. Nf3 c6 18. Bxe6 Qxe6 19. Qxe6 fxe6 20. O-O-O d5 21. e4 Rbd8 22. Rhe1 Rf8 23. exd5 exd5 24. Re7 Rf7 25. Rde1 Rdf8 26. Kc2 h6 27. Kd3 Rxe7 28. Rxe7 Rf7 29. Re2 Kf8 30. Nh4 g5 31. Nf3 Re7 32. Rxe7 Kxe7 1/2-1/2

[Event "45th FIDE Womens Olympiad 2024"]
[Site "Budapest"]
[Date "2024.09.13"]
[Round "3.200"]
[White "Rawan, Mansor"]
[Black "Nithyalakshmi, Sivanesan"]
[Result "0-1"]
[ECO "A80"]
[WhiteElo "1717"]
[BlackElo "1912"]
[Annotator "NA RC"]
[PlyCount "66"]
[EventDate "2024.09.05"]
[EventType "team-tourn"]
[EventCountry "HUN"]
[SourceTitle "playchess.com"]
[Source "ChessBase"]
[SourceQuality "1"]
[WhiteTeam "Sudan"]
[BlackTeam "Malaysia"]
[WhiteTeamCountry "SUD"]
[BlackTeamCountry "MAS"]
[TimeControl "40/5400+30:1800+30"]

1. d4 e6 2. Bf4 f5 3. Nf3 Nf6 4. h3 b6 5. e3 Bb7 6. Nbd2 Be7 7. Bd3 Ne4 8. Ne5 O-O 9. Nxe4 fxe4 10. Be2 Bg5 11. Bxg5 Qxg5 12. Bg4 Qf6 13. Rf1 b5 14. Be2 a6 15. Qd2 d6 16. Ng4 Qg6 17. Rg1 Nd7 18. c4 bxc4 19. Bxc4 Nb6 20. Bb3 a5 21. Rc1 Rf7 22. Nh2 a4 23. Bd1 Bd5 24. b3 Raf8 25. Qb4 Rxf2 26. Ng4 R2f7 27. bxa4 h5 28. a5 Nc8 29. a6 hxg4 30. Bxg4 Qf6 31. Rc2 Nb6 32. a4 Nc4 33. a7 Qf1+ 0-1

[Event "45th FIDE Womens Olympiad 2024"]
[Site "Budapest"]
[Date "2024.09.13"]
[Round "3.201"]
[White "Haile, Lidet Abate"]
[Black "Nassr, Lina"]
[Result "1/2-1/2"]
[ECO "B41"]
[WhiteElo "1834"]
[BlackElo "2010"]
[Annotator "NA RC"]
[PlyCount "112"]
[EventDate "2024.09.05"]
[EventType "team-tourn"]
[EventCountry "HUN"]
[SourceTitle "playchess.com"]
[Source "ChessBase"]
[SourceQuality "1"]
[WhiteTeam "Ethiopia"]
[BlackTeam "Algeria"]
[WhiteTeamCountry "ETH"]
[BlackTeamCountry "ALG"]
[TimeControl "40/5400+30:1800+30"]

1. e4 c5 2. Nf3 e6 3. d4 cxd4 4. Nxd4 a6 5. Bc4 b5 6. Bd3 Bb7 7. O-O Qc7 8. Nc3 Nf6 9. Qe2 Nc6 10. Nxc6 Qxc6 11. a3 Be7 12. Bd2 O-O 13. f4 d5 14. exd5 Bc5+ 15. Kh1 exd5 16. Rf3 Rfe8 17. Qf1 Qd7 18. Ne2 h5 19. f5 Ng4 20. f6 Qd6 21. Bf4 Qxf6 22. Bg3 Qe7 23. Rf5 Ne3 24. Qf3 d4 25. Qxh5 Nxf5 26. Qxf5 g6 27. Qg4 Be4 28. Nf4 Bxd3 29. cxd3 Bd6 30. Nxg6 Qe6 31. Ne7+ Kh7 32. Qxe6 fxe6 33. Bxd6 Rad8 34. Bc5 Rd7 35. h3 Rexe7 36. Bxe7 Rxe7 37. Rc1 e5 38. Rc6 e4 39. dxe4 Rd7 40. Rc2 Kg6 41. Kg1 Kf6 42. Kf2 Ke5 43. Ke1 Kxe4 44. Rf2 Rg7 45. g4 Rh7 46. Rh2 d3 47. h4 Rc7 48. Kd1 Rf7 49. g5 Rf1+ 50. Kd2 Rb1 51. Kc3 Rc1+ 52. Kb3 Ke3 53. Rh3+ Ke4 54. Rh2 Ke3 55. Rh3+ Ke4 56. Rh2 Ke3 1/2-1/2